 Dungeon Crawl Stone Soup version 0.30-a0-672-gc3a7216ad8 (webtiles) character file.

Game seed: 11023494265362938363

3560 NateTC the Protected (level 10, -5/64 HPs)
             Began as a Gargoyle Fighter on Jan 18, 2023.
             Was a Believer of Makhleb.
             Slain by an orc warrior
             ... wielding the +5 executioner's axe of Tyacha {heavy, rC++ Will-}
              (19 damage)
             ... in a bailey on Jan 19, 2023.
             The game lasted 00:29:42 (6567 turns).

NateTC the Protected (Gargoyle Fighter)             Turns: 6567, Time: 00:29:43

Health: -5/64      AC: 23    Str: 24    XL:     10   Next: 9%
Magic:  10/10      EV:  9    Int:  9    God:    Makhleb [**....]
Gold:   547        SH:  5    Dex:  9    Spells: 9/9 levels left

rFire   x . .      SeeInvis .    y - +0 morningstar
rCold   + + .      Faith    .    c - +0 buckler
rNeg    + + .      Spirit   .    d - +0 ice dragon scales
rPois   ∞          Reflect  .    (no helmet)
rElec   +          Harm     .    b - scarf {repulsion}
rCorr   .          Rampage  .    l - +1 pair of gloves
Will    .....                    i - +0 pair of boots Stlth
                                 A - amulet of regeneration
HPRegen 1.10/turn                B - ring "Faptoi" {Wiz rN+}
MPRegen 0.12/turn                (no ring)

@: mighty, repel missiles
A: sickness immunity, AC +7, negative energy resistance 1, electricity
resistance, torment resistance 1, petrification resistance
a: Renounce Religion, Minor Destruction


You were in a bailey.
You worshipped Makhleb.
Makhleb was pleased with you.
You visited 2 branches of the dungeon, and saw 9 of its levels.
You also visited: Bailey.

You collected 547 gold pieces.

Inventory:

Hand Weapons
 a - a +1 flail
 y - a +0 morningstar (weapon)
Armour
 b - a scarf of repulsion (worn)
 c - a +0 buckler (worn)
 d - +0 ice dragon scales (worn)
 i - a +0 pair of boots (worn)
 l - a +1 pair of gloves (worn)
 p - a scarf of shadows
Jewellery
 v - an amulet of reflection
 A - an amulet of regeneration (around neck)
 B - the ring "Faptoi" (left hand) {Wiz rN+}
   (You found it on level 7 of the Dungeon)

   [ring of wizardry]

   It improves your spell success rate.
   rN:        It protects you from negative energy.
Wands
 j - a wand of iceblast (22)
 s - a wand of digging (16)
Scrolls
 f - 2 scrolls of fear
 o - 2 scrolls of identify
 t - a scroll of noise
 u - a scroll of silence {unknown}
 w - 2 scrolls of magic mapping {unknown}
 z - a scroll of summoning
 C - a scroll of enchant weapon
Potions
 e - a potion of ambrosia
 g - 2 potions of attraction
 k - 3 potions of flight
 m - a potion of brilliance
 n - a potion of magic
 r - a potion of cancellation {unknown}
 x - 4 potions of curing


   Skills:
 - Level 7.8 Fighting
 * Level 8.4 Maces & Flails
 + Level 9.0 Armour
 - Level 7.2 Shields


You had 9 spell levels left.
You didn't know any spells.
Your spell library contained the following spells:

 Spells                   Type           Power      Damage    Failure   Level
 Apportation              Tloc           0%         N/A       45%         1
 Poisonous Vapours        Pois/Air       0%         N/A       58%         2
 Mephitic Cloud           Conj/Pois/Air  0%         N/A       80%         3
 Portal Projectile        Hex/Tloc       0%         N/A       80%         3
 Tukima's Dance           Hex            0%         N/A       80%         3
 Petrify                  Tmut/Erth      0%         N/A       99%         4
 Alistair's Intoxication  Tmut/Pois      0%         N/A       100%        5
 Blade Hands              Tmut           0%         N/A       100%        5
 Irradiate                Conj/Tmut      0%         3d11      100%        5
 Cigotuvi's Dreadful Rot  Necr/Pois/Air  Unusable   N/A       N/A         2
 Sublimation of Blood     Necr           Unusable   N/A       N/A         2

Dungeon Overview and Level Annotations

Branches:
Dungeon (8/15) Zot: 26624  Temple (1/1) D:6 Zot: 5887  Bailey (1/1) Zot: 5681
   Lair: D:8-11

Altars:
Ashenzari
Dithmenos
Elyvilon
Fedhas
Gozag
Hepliaklqana
Kikubaaqudgha
Makhleb
Nemelex Xobeh
Qazlal
Ru
Sif Muna
Trog
Uskayaw
Vehumet
Xom
Yredelemnul
Zin
The Shining One


Innate Abilities, Weirdness & Mutations

You are immune to sickness and miasma.
Your stone body is resilient. (AC +7)
You are immune to poison.
You resist negative energy. (rN+)
You are resistant to electric shocks. (rElec)
You are resistant to unholy torment.
You are immune to petrification.


Message History

The orc hits you but does no damage. The centaur misses you.
The centaur closely misses you. The orc barely misses you.
You barely miss the orc warrior.
The centaur hits you but does no damage.
You block the centaur's attack. The orc warrior barely misses you.
You block the orc's attack. The orc warrior barely misses you.
You block the orc's attack. The centaur hits you with a +0 halberd.
The centaur closely misses you. The orc barely misses you.
The orc warrior closely misses you.
You hit the orc warrior.
The orc warrior is lightly wounded.
The centaur hits you but does no damage.
The centaur kicks you but does no damage.
The orc closely misses you. The orc hits you but does no damage. x2
The orc warrior hits you with the +5 executioner's axe of Tyacha {heavy, rC++ Will-}.
The orc warrior hits you but does no damage.
You hit the centaur but do no damage.
The centaur is severely wounded.
The centaur barely misses you. x2; The orc hits you but does no damage. x2
The centaur hits you but does no damage.
The centaur kicks you but does no damage.
The orc barely misses you. The orc warrior barely misses you.
You feel very mighty all of a sudden. The centaur hits you with a +0 halberd!
The centaur barely misses you.
The orc hits you from afar with a +0 halberd.
The orc warrior hits you with the +5 executioner's axe of Tyacha {heavy, rC++ Will-}!!
* * * LOW HITPOINT WARNING * * *
The orc closely misses you.
The orc warrior hits you but does no damage.
The orc hits you but does no damage.
You closely miss the orc warrior.
The orc warrior is lightly wounded.
The centaur hits you but does no damage.
You block the centaur's attack. The orc barely misses you.
You block the orc's attack. The centaur hits you with a +0 halberd.
* * * LOW HITPOINT WARNING * * *
The centaur barely misses you. The orc closely misses you.
The orc warrior hits you but does no damage.
The orc warrior hits you with the +5 executioner's axe of Tyacha {heavy, rC++ Will-}!!
You die...

.⌠.........⌠.≈≈.≈≈≈#
....o.........≈.≈≈≈#
...≈≈≈≈≈≈≈....≈≈.≈≈#
.≈≈≈~~~~~≈≈≈...≈.≈≈#
≈≈≈~≈≈≈≈≈~~≈≈..≈.≈≈#
≈≈≈~~).:≈≈≈~~....≈≈#
≈≈≈~≈≈≈≈≈~~≈≈.o≈o≈≈#
.≈≈≈~~~~~≈≈≈..o≈o≈≈#
...≈≈≈≈≈≈≈....≈≈@≈≈#
....).........≈c≈≈≈#
.⌠...)))...⌠.≈≈o≈≈≈#
.............≈o≈≈≈≈#
≈≈.........≈≈≈.≈≈≈≈#
.≈≈≈.....≈≈≈..≈≈≈≈≈#
≈..≈≈≈≈≈≈≈..≈≈≈≈≈≈≈#
≈≈≈.....o.≈≈≈≈≈≈≈≈##
≈≈≈≈≈≈≈≈≈≈≈≈≈≈≈≈≈##


You could see 2 orc warriors, a centaur and 4 orcs.

Vanquished Creatures
  A hornet (D:8)
  Sigmund (D:3)
  A steam dragon (D:5)
  Duvessa (D:7)
  5 orc warriors (Bailey)
  A sky beast (D:7)
  2 black bears
  An ice beast (D:7)
  An ogre (D:6)
  5 centaurs (Bailey)
  2 bullfrogs (D:7)
  2 scorpions
  2 necrophages (D:6)
  11 wights
  Dowan (D:7)
  A howler monkey (D:8)
  A jelly (D:5)
  3 hounds (D:6)
  2 orc priests
  2 iguanas (D:4)
  An orc wizard (D:3)
  13 gnolls
  11 adders
  A shadow imp (D:6)
  3 white imps
  3 worms
  3 dart slugs
  23 orcs
  5 bats
  4 endoplasms
  2 giant cockroaches
  5 goblins
  4 hobgoblins
  16 jackals
  4 quokkas
  8 ball pythons
  4 frilled lizards
  7 kobolds
  5 rats
168 creatures vanquished.

Vanquished Creatures (others)
  An orc (Bailey)
1 creature vanquished.

Grand Total: 169 creatures vanquished

Notes
Turn   | Place    | Note
-------+----------+-------------------------------------------
     0 | D:1      | NateTC the Gargoyle Fighter began the quest for the Orb.
     0 | D:1      | Reached XP level 1. HP: 14/14 MP: 1/1
    94 | D:1      | Reached XP level 2. HP: 17/20 MP: 2/2
   271 | D:1      | Reached XP level 3. HP: 23/24 MP: 3/3
   339 | D:1      | Found a faded altar of an unknown god.
   672 | D:2      | Reached skill level 5 in Fighting
  1140 | D:2      | Reached XP level 4. HP: 25/31 MP: 4/4
  1287 | D:2      | Upgraded the game from 0.30-a0-652-gcc886f7154 to
                  | 0.30-a0-672-gc3a7216ad8
  1612 | D:3      | Noticed Sigmund
  1627 | D:3      | Killed Sigmund
  1628 | D:3      | Reached skill level 5 in Maces & Flails
  1628 | D:3      | Reached XP level 5. HP: 21/35 MP: 5/5
  1628 | D:3      | Reached XP level 6. HP: 24/40 MP: 6/6
  2659 | D:4      | Reached XP level 7. HP: 41/44 MP: 7/7
  3011 | D:4      | Found a white marble altar of Elyvilon.
  3266 | D:4      | Identified a scroll of acquirement
  3267 | D:4      | Acquired a scarf of repulsion
  3309 | D:5      | Entered Level 5 of the Dungeon
  3382 | D:5      | Reached skill level 4 in Armour
  4078 | D:6      | Noticed a steam dragon
  4338 | D:6      | Reached XP level 8. HP: 42/51 MP: 8/8
  4342 | D:6      | Reached skill level 5 in Armour
  4551 | D:5      | Reached skill level 6 in Armour
  4684 | D:6      | Identified the +5 short sword "Vomyad" {heavy, rN+}
  4876 | D:6      | Found a staircase to the Ecumenical Temple.
  4885 | Temple   | Entered the Ecumenical Temple
  5149 | D:1      | Prayed at the altar of an unknown god.
  5149 | D:1      | Became a worshipper of Makhleb the Destroyer
  5149 | D:1      | Reached * piety under Makhleb
  5440 | D:7      | Reached skill level 7 in Armour
  5462 | D:7      | Reached XP level 9. HP: 59/59 MP: 9/9
  5532 | D:7      | Identified the ring "Faptoi" {Wiz rN+}
  5574 | D:7      | Reached skill level 5 in Shields
  5590 | D:7      | Noticed Duvessa
  5590 | D:7      | Noticed Dowan
  5600 | D:7      | Killed Duvessa
  5623 | D:7      | Killed Dowan
  5908 | D:8      | Noticed a hornet
  5925 | D:8      | Killed a hornet
  6023 | D:8      | Reached skill level 8 in Armour
  6144 | D:8      | Found a flagged portal.
  6264 | Bailey   | Entered a bailey
  6345 | Bailey   | Reached ** piety under Makhleb
  6477 | Bailey   | Reached XP level 10. HP: 56/64 MP: 10/10
  6525 | Bailey   | Identified the +5 executioner's axe of Tyacha {heavy, rC++
                  | Will-}
  6547 | Bailey   | Reached skill level 9 in Armour
  6567 | Bailey   | Slain by an orc warrior

Illustrated notes

Levels and vault maps discovered:
D:1:      elethiomel_arrival_quiet, layout_rooms,
          ebering_ecumenical_altar_abandoned, minmay_statues_item
D:2:      layout_loops_corners, roderic_nine_men_s_morris
D:3:      layout_rooms, minmay_misc_feat_enclosed, kennysheep_generic_room_8,
          uniq_sigmund
D:4:      layout_gridville, general_overflow_altar
D:5:      layout_cave_pods, nicolae_figureground_sparkle
D:6:      layout_loops_ring, minmay_temple_entry_poolview
D:7:      layout_basic, uniq_duvessa
D:8:      layout_gridville, erik_lair_dragon, enter_bailey_8,
          minmay_misc_feat_square
Temple:   mainiacjoe_temple_coin_purse
Bailey:   bailey_polearm_flooded_kennysheep, bailey

Skill      XL: |  1  2  3  4  5  6  7  8  9 10 |
---------------+-------------------------------+-----
Fighting       | 4 5 6 7 |  7.8
Maces & Flails | 5 6 7 8 |  8.4
Armour         | 4 7 8 9 |  9.0
Shields        | 4 7 |  7.2

Action                   |  1- 3 |  4- 6 |  7- 9 | 10-12 || total
-------------------------+-------+-------+-------+-------++-------
Melee: Flail             |   155 |   145 |   105 |       ||   405
       Morningstar       |       |       |   283 |    26 ||   309
  Use: Scroll            |     5 |     9 |     8 |       ||    22
       Potion            |       |     1 |     3 |     1 ||     5
Armor: Scale mail        |   116 |     8 |       |       ||   124
       Ice dragon scales |       |    82 |   324 |    43 ||   449
Dodge: Dodged            |   114 |    89 |   254 |    54 ||   511
       Repelled          |       |       |     4 |     1 ||     5
Block: Buckler           |    24 |    41 |   162 |    16 ||   243

Table legend: (Time is in decaauts)
 A = Elapsed time spent in this place.
 B = Non-inter-level travel time spent in this place.
 C = Inter-level travel time spent in this place.
 D = Time resting spent in this place.
 E = Time spent auto-exploring this place.
 F = Levels seen in this place.
 G = Mean time per level.
                   A        B        C        D        E       F      G
               +--------+--------+--------+--------+--------+-----+--------+
         Total |   6720 |   6062 |    658 |    746 |   2054 |  10 |  672.0 |
       Dungeon |   6289 |   5645 |    644 |    746 |   1938 |   8 |  786.1 |
        Temple |    112 |     98 |     14 |      0 |     86 |   1 |  112.0 |
        Bailey |    317 |    317 |      0 |      0 |     30 |   1 |  317.0 |
               +--------+--------+--------+--------+--------+-----+--------+

Top non-repeatable levels by time:
     D:4: 1145 daAuts
     D:2: 1088 daAuts
     D:5: 977 daAuts
     D:3: 846 daAuts
     D:6: 802 daAuts
     D:1: 622 daAuts
     D:7: 430 daAuts
     D:8: 375 daAuts
  Bailey: 317 daAuts
  Temple: 112 daAuts
